 Dungeon Crawl Stone Soup version 0.23.0-28-g6fe0f4d (webtiles) character file.

Game seed: 17616060881280976219

42 Folque the Digger (level 3, -3/28 HPs)
             Began as a Draconian Earth Elementalist on Feb 25, 2019.
             Slain by an adder (4 damage)
             ... on level 1 of the Dungeon.
             The game lasted 00:04:27 (1304 turns).

Folque the Digger (Draconian Earth Elementalist)    Turns: 1304, Time: 00:04:27

Health: -3/28      AC:  5    Str: 10    XL:     3   Next: 33%
Magic:  1/7        EV: 12    Int: 16    God:
Gold:   64         SH:  0    Dex: 11    Spells: 1/7 levels left

rFire    . . .     SeeInvis .   d - +0 dagger
rCold    . . .     Gourm    .   (no shield)
rNeg     . . .     Faith    .   (armour unavailable)
rPois    .         Spirit   .   (helmet restricted)
rElec    .         Reflect  .   (no cloak)
rCorr    .         Harm     .   (no gloves)
MR       .....                  (no boots)
Stlth    ++........             (no amulet)
HPRegen  0.09/turn              (no ring)
MPRegen  0.10/turn              (no ring)

@: lethally poisoned (-3 -> -8)
A: unfitting armour, cold-blooded, AC +5
a: no special abilities


You were on level 1 of the Dungeon.
You were hungry.

You visited 1 branch of the dungeon, and saw 2 of its levels.

You collected 64 gold pieces.

Inventory:

Hand Weapons
 d - a +0 dagger (weapon)
Missiles
 b - 72 stones (quivered)
Armour
 e - a +0 pair of gloves
Jewellery
 f - an uncursed ring of see invisible {unknown}
Comestibles
 a - 5 chunks of flesh
 c - 3 rations


   Skills:
 + Level 1.6 Fighting
 - Level 1.7 Dodging
 - Level 1.7 Stealth
 + Level 2.7 Spellcasting
 - Level 1.0 Transmutations
 + Level 3.4 Earth Magic


You had one spell level left.
You knew the following spells:

 Your Spells              Type           Power        Failure   Level  Hunger
a - Sandblast             Erth           ##....       4%          1    #......
b - Passwall              Tmut/Erth      #.......     12%         2    ##.....
c - Stone Arrow           Conj/Erth      #.....       28%         3    ###....

Your spell library contained the following spells:

 Spells                   Type           Power        Failure   Level  Hunger
 Petrify                  Tmut/Erth      #.......     58%         4    #####..
 Lee's Rapid Deconstruct  Erth           ##........   78%         5    ######.


Dungeon Overview and Level Annotations

Branches:
Dungeon (2/15)

Altars:


Innate Abilities, Weirdness & Mutations

Your plain brown scales are hard. (AC +5)
You cannot fit into any form of body armour.
You are cold-blooded and may be slowed by cold attacks.


Message History

Casting: Sandblast (safe; 4% risk of failure)
Confirm with . or Enter, or press ? or * to list all spells.
Aiming: Sandblast (safe; 4% risk of failure)
Press: ? - help, Shift-Dir - straight line, f - adder
Aim: an adder (severely wounded)
The blast of sand misses the adder.
b - 73 stones
* * * LOW HITPOINT WARNING * * *
You feel sick. The adder barely misses you.
Casting: Sandblast (safe; 4% risk of failure)
Confirm with . or Enter, or press ? or * to list all spells.
Aiming: Sandblast (safe; 4% risk of failure)
Press: ? - help, Shift-Dir - straight line, f/p - adder
Aim: an adder (severely wounded)
The blast of sand hits the adder.
The adder is severely wounded.
b - 72 stones
* * * LOW HITPOINT WARNING * * *
You feel sick. The adder bites you.
You die...

#....# #.##.#########
#.##.#..)....#
#.##.#.......#
#.##.#.......#
#.##.#.......#####
#.##.#.).....#....
#########S##.#.......#....
#........@...'.......'....
#.#######(##.#.......#....
#.....#.......########....
#####.#.#.##..###### #....
#......#.......# #....
###....#.......# #....
##......#.......# #####
#.......#.......#
#..###..#.......#


You could see an adder.

Vanquished Creatures
  A gnoll (D:2)
  2 dart slugs (D:1)
  2 leopard geckos (D:1)
  3 bats (D:1)
  3 giant cockroaches (D:1)
  7 goblins
  2 hobgoblins (D:1)
  2 kobolds (D:1)
  A rat (D:1)
23 creatures vanquished.

Notes
Turn   | Place    | Note
-------+----------+-------------------------------------------
     0 | D:1      | Folque the Draconian Earth Elementalist began the quest for
                  | the Orb.
     0 | D:1      | Reached XP level 1. HP: 14/14 MP: 3/3
   362 | D:1      | Reached XP level 2. HP: 18/22 MP: 5/5
   394 | D:1      | Reached skill level 1 in Fighting
   415 | D:1      | Learned a level 2 spell: Passwall
  1110 | D:1      | Reached XP level 3. HP: 21/28 MP: 3/6
  1125 | D:1      | Learned a level 3 spell: Stone Arrow
  1304 | D:1      | HP: 1/28 [poisoned by an adder]
  1304 | D:1      | Slain by an adder

Skill      XL: |  1  2 |
---------------+-------+-----
Fighting       | 1 |  1.6
Dodging        | |  1.7
Stealth        | |  1.7
Spellcasting   | |  2.7
Transmutations | |  1.0
Earth Magic    | |  3.4

Action                   || total
-------------------------++-------
Melee: Dagger            ||    95
       Unarmed           ||     6
       Tailslap          ||     8
 Cast: Sandblast         ||    21
  Use: Scroll            ||     1
  Eat: Chunk             ||     1
Armor: Skin              ||    40
Dodge: Dodged            ||    72
